 Dungeon Crawl Stone Soup version 0.16.1-11-g651b585 (webtiles) character file.

75 Ryushun the Grasshopper (level 4, -8/23 HPs)
             Began as a Spriggan Warper on Apr 1, 2015.
             Killed by divine providence
             ... invoked by an orc priest
              (15 damage)
             ... on level 3 of the Dungeon.
             The game lasted 00:12:35 (2263 turns).

Ryushun the Grasshopper (Spriggan Warper)           Turns: 2263, Time: 00:12:35

Health: -8/23      AC:  8    Str:  8    XL:     4   Next: 11%
Magic:  11/12      EV: 19    Int: 14    God:
Gold:   128        SH:  0    Dex: 15    Spells: 3 memorised, 3 levels left

rFire  . . .     SeeInvis +     h - +1 short sword (protect)
rCold  . . .     Clarity  .     u - +1 robe
rNeg   . . .     SustAb   .     (shield restricted)
rPois  .         Gourm    +     (helmet restricted)
rElec  .         Spirit   .     (no cloak)
rCorr  .         Warding  .     (gloves unavailable)
rMut   .         Stasis   .     (boots unavailable)
MR     .....                    o - amulet of the gourmand
Stlth  ++........               (no ring)
                                (no ring)

@: shrouded, very quick, not resistant to hostile enchantments, unstealthy
A: unfitting armour, see invisible, herbivore 3, speed 3, slow metabolism 2
a: no special abilities


You were on level 3 of the Dungeon.
You were not hungry.

You visited 1 branch of the dungeon, and saw 3 of its levels.

You collected 128 gold pieces.

Inventory:

Hand weapons
 h - a +1 short sword of protection (weapon)
Missiles
 e - 5 tomahawks of dispersal (quivered)
 g - 66 stones
Armour
 u - a +1 robe (worn)
Jewellery
 o - an amulet of the gourmand (around neck)
Scrolls
 b - 4 scrolls of immolation
 d - 2 scrolls of blinking
 j - a scroll of fear
 r - 2 scrolls of recharging
Potions
 i - a potion of curing
 l - a potion of resistance
 m - 2 potions of lignification
 p - a potion of brilliance {unknown}
 t - a potion of degeneration {unknown}
 v - a potion of heal wounds {unknown}
Books
 c - a book of Spatial Translocations

   Spells                             Type                      Level
   a - Apportation                    Translocation                1
   b - Blink                          Translocation                2
   c - Shroud of Golubria             Charms/Translocation         2
   d - Portal Projectile              Translocation                3
   e - Teleport Other                 Translocation                3
   f - Passage of Golubria            Translocation                4
Comestibles
 f - 2 bread rations
 n - 7 fruits


   Skills:
 + Level 1.9 Fighting
 + Level 2.7 Short Blades
 - Level 1.1 Throwing
 + Level 0.6 Armour
 + Level 4.5 Dodging
 * Level 2.1 Stealth
 + Level 2.8 Spellcasting
 + Level 5.0 Translocations


You had 3 spell levels left.
You knew the following spells:

 Your Spells              Type           Power        Failure   Level  Hunger
a - Apportation           Tloc           ###.......   2%          1    #......
b - Blink                 Tloc           N/A          4%          2    ##.....
c - Shroud of Golubria    Chrm/Tloc      #.........   14%         2    ##.....


Dungeon Overview and Level Annotations

Branches:
Dungeon (3/15)

Altars:
Ashenzari
Cheibriados
Dithmenos
Nemelex Xobeh


Innate Abilities, Weirdness & Mutations

You are tiny and cannot use many weapons and most armour.
You have supernaturally acute eyesight.
You are a herbivore.
You cover ground extremely quickly.
You need consume almost no food.


Message History

You hit the orc but do no damage. The orc completely misses you.
You barely miss the orc. The orc completely misses you.
You barely miss the orc. The orc hits you with a hand axe.
You hit the orc.
The orc is lightly wounded.
The orc closely misses you.
You hit the orc.
The orc is moderately wounded.
The orc closely misses you.
You closely miss the orc.
The orc is moderately wounded.
The orc hits you but does no damage.
You completely miss the orc.
The orc is moderately wounded.
You hit the orc.
The orc is severely wounded.
The orc priest calls down the wrath of Beogh upon you.
Something smites you!
Ouch! That really hurt!
You die...

# ##.
####..S###########
.....olo@......(.#
##....o#########.#
..... #.# #...
#####.#### ##.
#........# #
#.###[##.#
###.###.##.# ##+##
##...........
##...##
#..#######.#


You could see an orc priest, 2 orcs, a ball python and a giant newt.

Vanquished Creatures
  3 adders (D:2)
  2 worms
  An orc (D:3)
  3 giant cockroaches (D:1)
  4 hobgoblins
  5 bats
  2 giant newts
  8 goblins
  6 kobolds
  5 rats (D:1)
39 creatures vanquished.

Notes
Turn   | Place    | Note
--------------------------------------------------------------
     0 | D:1      | Ryushun, the Spriggan Warper, began the quest for the Orb.
     0 | D:1      | Reached XP level 1. HP: 10/10 MP: 4/4
   482 | D:1      | Reached XP level 2. HP: 12/15 MP: 7/7
  1324 | D:1      | Learned a level 2 spell: Blink
  1327 | D:1      | Learned a level 2 spell: Shroud of Golubria
  1370 | D:2      | Found a shattered altar of Ashenzari.
  1420 | D:2      | Reached skill level 1 in Stealth
  1516 | D:2      | Reached XP level 3. HP: 18/18 MP: 9/9
  1650 | D:2      | Reached skill level 5 in Translocations
  1918 | D:2      | Found a shadowy altar of Dithmenos.
  1918 | D:2      | Found a snail-covered altar of Cheibriados.
  2005 | D:2      | Found a sparkling altar of Nemelex Xobeh.
  2232 | D:3      | Reached XP level 4. HP: 23/23 MP: 12/12
  2263 | D:3      | Killed from afar by an orc priest

Action                   |  1- 3 |  4- 6 || total
-------------------------+-------+-------++-------
Melee: Short sword       |   146 |    10 ||   156
 Cast: Shroud of Golubri |       |     1 ||     1
  Use: Scroll            |    12 |       ||    12
 Stab: Sleeping          |     3 |       ||     3
